 Dungeon Crawl Stone Soup version 0.22.1-5-g62c59d9 (webtiles) character file.

996 Gingerlord the Skirmisher (level 8, -3/60 HPs)
             Began as a Human Wanderer on Jan 8, 2019.
             Was an Initiate of Yredelemnul.
             Slain by a sky beast (5 damage)
             ... on level 6 of the Dungeon.
             The game lasted 00:12:21 (5525 turns).

Gingerlord the Skirmisher (Human Wanderer)          Turns: 5525, Time: 00:12:23

Health: -3/60      AC: 10    Str: 15    XL:     8   Next: 42%
Magic:  8/8        EV:  7    Int: 11    God:    Yredelemnul [......]
Gold:   95         SH: 12    Dex: 14    Spells: 7/7 levels left

rFire    + . .     SeeInvis .   h - +0 flail
rCold    . . .     Gourm    .   s - +0 large shield
rNeg     + . .     Faith    .   c - +2 scale mail {rF+}
rPois    .         Spirit   .   x - +1 hat
rElec    .         Reflect  .   q - scarf {cloud immunity}
rCorr    .         Harm     .   (no gloves)
MR       .....                  (no boots)
Stlth    +.........             (no amulet)
HPRegen  0.20/turn              w - ring of positive energy
MPRegen  0.11/turn              (no ring)

@: no status effects
A: no striking features
a: Renounce Religion


You were on level 6 of the Dungeon.
You worshipped Yredelemnul.
Yredelemnul was noncommittal.
You were not hungry.

You visited 2 branches of the dungeon, and saw 7 of its levels.

You collected 291 gold pieces.
You spent 196 gold pieces at shops.

Inventory:

Hand Weapons
 a - a +2 quarterstaff
 h - a +0 flail (weapon)
 j - a +0 whip of electrocution
Armour
 c - a +2 scale mail of fire resistance (worn)
 q - a scarf of cloud immunity (worn)
 s - a +0 large shield (worn)
 x - a +1 hat (worn)
Jewellery
 w - a ring of positive energy (left hand)
 B - an uncursed ring of poison resistance {unknown}
Scrolls
 b - 4 scrolls of teleportation
 e - a scroll of identify
 i - a scroll of blinking
 k - 2 scrolls of enchant weapon {unknown}
 m - a scroll of fear
 o - 2 scrolls of magic mapping
 p - a scroll of enchant armour {unknown}
 u - 2 scrolls of remove curse {unknown}
 y - a scroll of fog {unknown}
 z - a scroll of immolation {unknown}
Potions
 d - a potion of might {unknown}
 g - 2 potions of magic
 l - 4 potions of curing
 n - 2 potions of brilliance
 r - a potion of heal wounds {unknown}
 t - a potion of haste {unknown}
 v - 2 potions of agility
 A - a potion of mutation {unknown}
Comestibles
 f - 3 rations


   Skills:
 + Level 4.3 Fighting
 + Level 3.3(4.2) Maces & Flails
 - Level 3.7(4.3) Staves
 - Level 1.0 Throwing
 + Level 4.0 Armour
 + Level 4.0 Dodging
 - Level 2.0 Stealth
 + Level 2.9 Shields
   Level 2.0 Conjurations
   Level 1.0 Fire Magic


You had 7 spell levels left.
You didn't know any spells.
Your spell library was empty.

Dungeon Overview and Level Annotations

Branches:
Dungeon (6/15)             Temple (1/1) D:4

Altars:
Ashenzari
Elyvilon
Fedhas
Gozag
Kikubaaqudgha
Makhleb
Nemelex Xobeh
Okawaru
Ru
Sif Muna
Uskayaw
Vehumet
Xom
Yredelemnul
Zin
The Shining One

Shops:
D:5 (%[

Annotations:
D:4 1 runed door, MeganMarieJones's ghost, amateur HuFE


Message History

Your shield and scale mail prevent you from hitting something.
You block something's attack. Something completely misses you.
You closely miss something. Something hits you. Something shocks you.
* * * LOW HITPOINT WARNING * * *
You miss something. Something hits you but does no damage.
You closely miss something. Something hits you but does no damage.
Something hits you.
* * * LOW HITPOINT WARNING * * *
Something shocks you.
* * * LOW HITPOINT WARNING * * *
You closely miss something. Something hits you but does no damage.
You closely miss something. Something hits you.
* * * LOW HITPOINT WARNING * * *
Something shocks you.
* * * LOW HITPOINT WARNING * * *
Something hits you.
* * * LOW HITPOINT WARNING * * *
Something shocks you.
You die...
Your body rises from the dead as a mindless zombie.

.. #.. .# .... #.#
.# #
#....######.##.##.#
#.........#.......#
#..................
..........#......##
#.........#........
#.........#{o..#...
#.........@###.#
#..........# #
...........#.#.#
...###.........# ##
###.##.##. ####.#
.# #<...# .. ######
###


You could see an orc.

Vanquished Creatures
  2 ogres (D:4)
  A killer bee (D:5)
  5 howler monkeys
  A centaur zombie (D:5)
  A jelly (D:5)
  A gnoll shaman (D:5)
  An iguana (D:4)
  An orc wizard (D:5)
  Jessica (D:2)
  Terence (D:2)
  7 worker ants
  A hound skeleton (D:4)
  6 gnolls
  6 adders
  2 worms
  3 dart slugs (D:1)
  5 leopard geckos
  7 orcs
  A ball python (D:3)
  4 bats
  7 giant cockroaches
  2 gnoll zombies (D:4)
  4 goblins
  5 hobgoblins
  3 quokkas
  5 frilled lizards
  A jackal skeleton (D:4)
  3 kobolds
  13 rats
100 creatures vanquished.

Vanquished Creatures (others)
  2 withered plants (D:4)
2 creatures vanquished.

Grand Total: 102 creatures vanquished

Notes
Turn   | Place    | Note
-------+----------+-------------------------------------------
     0 | D:1      | Gingerlord the Human Wanderer began the quest for the Orb.
     0 | D:1      | Gingerlord set off with: a +2 quarterstaff, 2 scrolls of
                  | teleportation, a +0 robe, a +0 dagger, a ration
     0 | D:1      | Reached XP level 1. HP: 15/15 MP: 1/1
   299 | D:1      | Reached XP level 2. HP: 18/21 MP: 2/2
   985 | D:2      | Reached skill level 1 in Armour
   985 | D:2      | Reached XP level 3. HP: 14/26 MP: 3/3
   992 | D:2      | Reached skill level 1 in Dodging
  1264 | D:2      | Reached XP level 4. HP: 30/33 MP: 4/4
  1318 | D:2      | Noticed Terence
  1384 | D:2      | Killed Terence
  1714 | D:2      | Reached XP level 5. HP: 26/38 MP: 5/5
  2031 | D:2      | Noticed Jessica
  2035 | D:2      | Killed Jessica
  2371 | D:3      | Reached skill level 1 in Maces & Flails
  2574 | D:3      | Reached XP level 6. HP: 35/46 MP: 6/6
  2626 | D:3      | Found an iron altar of Okawaru.
  2747 | D:3      | Found a deep blue altar of Sif Muna.
  2921 | D:4      | Reached skill level 1 in Shields
  2946 | D:4      | Noticed an ogre
  3191 | D:4      | Killed an ogre
  3191 | D:4      | Reached XP level 7. HP: 10/52 MP: 7/7
  3508 | D:4      | Found a glowing silver altar of Zin.
  3508 | D:4      | Noticed an angel
  3712 | D:4      | Found a staircase to the Ecumenical Temple.
  3766 | Temple   | Entered the Ecumenical Temple
  3919 | D:4      | Found a burning altar of Makhleb.
  4060 | D:4      | Found a basalt altar of Yredelemnul.
  4109 | D:4      | Noticed MeganMarieJones's ghost (amateur HuFE)
  4112 | D:4      | Found a runed door.
  4167 | D:4      | Became a worshipper of Yredelemnul the Dark
  4464 | D:5      | Entered Level 5 of the Dungeon
  4506 | D:5      | Found a runed door.
  4520 | D:5      | Found Dutrak's Antique Armour Shoppe.
  4538 | D:5      | Bought an embroidered hat for 196 gold pieces
  4627 | D:5      | Reached XP level 8. HP: 46/60 MP: 8/8
  4865 | D:5      | Found an ancient bone altar of Kikubaaqudgha.
  4909 | D:5      | Found Uratwuic's Weapon Boutique.
  4910 | D:5      | Found Laekalic's Food Shoppe.
  5038 | D:5      | Found a runed door.
  5525 | D:6      | HP: 3/60 [something (6)]
  5525 | D:6      | Slain by a sky beast

Skill      XL: |  1  2  3  4  5  6  7  8 |
---------------+-------------------------+-----
Armour         | 1 2 3 4 |  4.0
Dodging        | 1 2 3 4 |  4.0
Fighting       | 2 3 4 |  4.3
Maces & Flails | 1 2 3 |  3.3
Shields        | 1 2 |  2.9
Staves         | |  3.7
Throwing       | |  1.0
Stealth        | |  2.0
Conjurations   | |  2.0
Fire Magic     | |  1.0

Action                   |  1- 3 |  4- 6 |  7- 9 || total
-------------------------+-------+-------+-------++-------
Melee: Quarterstaff      |    49 |    33 |       ||    82
       Whip              |       |   137 |   211 ||   348
       Flail             |       |       |    17 ||    17
  Use: Scroll            |       |     1 |     6 ||     7
       Potion            |       |     1 |     2 ||     3
 Stab: Sleeping          |     3 |       |       ||     3
  Eat: Chunk             |       |     6 |     2 ||     8
       Ration            |       |     1 |     1 ||     2
Armor: Robe              |     7 |     1 |       ||     8
       Scale mail        |       |    93 |    79 ||   172
       Leather armour    |       |     1 |       ||     1
Dodge: Dodged            |    23 |    90 |    37 ||   150
Block: Large shield      |       |       |   106 ||   106
